 Dungeon Crawl Stone Soup version 0.30-a0-691-g754fce4c43 (webtiles) character file.

Game seed: 4299682801013365255

616 Fenrisus the Shield-Bearer (level 7, 0/50 (56) HPs)
             Began as a Formicid Fighter on Jan 19, 2023.
             Was an Initiate of Gozag.
             Slain by a wight
             ... wielding a +3 flail
              (2 damage)
             ... on level 5 of the Dungeon.
             The game lasted 00:16:37 (3386 turns).

Fenrisus the Shield-Bearer (Formicid Fighter)       Turns: 3386, Time: 00:16:38

HP:   0/50 (56)     AC: 11    Str: 22    XL:     7   Next: 73%
MP:   7/7           EV:  7    Int:  8    God:    Gozag
Gold: 580           SH:  5    Dex: 13    Spells: 6/6 levels left

rFire   . . .      SeeInvis +    r - +0 mace (holy)
rCold   . . .      Faith    .    c - +0 buckler
rNeg    . . .      Spirit   .    f - +0 chain mail
rPois   .          Reflect  .    (helmet unavailable)
rElec   .          Harm     .    (no cloak)
rCorr   .          Rampage  .    p - +0 pair of gloves
Will    .....                    (no boots) Stlth
                                 (no amulet)
HPRegen 0.28/turn                (no ring)
MPRegen 0.10/turn                (no ring)

@: gold aura, heavily drained
A: permanent stasis, dig shafts and tunnels, antennae 3, four strong arms
a: Dig, Shaft Self, Renounce Religion, Potion Petition, Call Merchant, Bribe
Branch


You were on level 5 of the Dungeon.
You worshipped Gozag.
Gozag was pleased with you.
You visited 1 branch of the dungeon, and saw 5 of its levels.

You collected 607 gold pieces.
You paid 27 gold pieces to Gozag.

Inventory:

Hand Weapons
 a - a +2 vampiric flail
 j - a +1 antimagic short sword
 r - a +0 mace of holy wrath (weapon)
Armour
 c - a +0 buckler (worn)
 f - a +0 chain mail (worn)
 h - an orb of light
 p - a +0 pair of gloves (worn)
Jewellery
 g - an amulet of faith
Wands
 b - a wand of digging (4)
Scrolls
 l - a scroll of amnesia
 n - a scroll of poison
Potions
 d - a potion of cancellation {unknown}
 e - a potion of flight
 i - a potion of attraction
 k - a potion of might
 m - a potion of curing {unknown}
 o - a potion of degeneration {unknown}
 q - 2 potions of magic {unknown}


   Skills:
 + Level 5.3 Fighting
 + Level 4.3 Maces & Flails
 + Level 5.3 Armour
 + Level 6.5 Shields


You had 6 spell levels left.
You didn't know any spells.
Your spell library contained the following spells:

 Spells                   Type           Power      Damage    Failure   Level
 Ensorcelled Hibernation  Hex/Ice        0%         N/A       99%         2
 Passwall                 Tmut/Erth      0%         N/A       99%         2
 Summon Guardian Golem    Hex/Summ       0%         N/A       100%        3
 Malign Gateway           Summ/Tloc      0%         N/A       100%        7
 Orb of Destruction       Conj           0%         9d5       100%        7
 Spellforged Servitor     Conj/Summ      0%         N/A       100%        7
 Summon Horrible Things   Summ           0%         N/A       100%        8
 Swiftness                Air            Unusable   N/A       N/A         3

Dungeon Overview and Level Annotations

Branches:
Dungeon (5/15)             Temple (0/1) D:5

Altars:
Gozag
Uskayaw


Innate Abilities, Weirdness & Mutations

You cannot be hasted, slowed, berserked, paralysed or teleported.
You can dig through walls and to a lower floor.
You have a pair of large antennae on your head. (SInv)
Your four strong arms can wield two-handed weapons with a shield.


Message History

The wight is severely damaged.
The wight hits you with a +6 mace.
You feel drained. The wight hits you with a +6 mace.
A wight comes into view. It is wielding a +3 flail.
You hit the wight but do no damage.
The wight is severely damaged.
You block the wight's attack.
You barely miss the wight.
The wight is severely damaged.
The wight hits you with a +6 mace!
You feel drained.
You closely miss the wight.
The wight is severely damaged.
A wight comes into view. It is wielding a +2 long sword.
You block the wight's attack.
You barely miss the wight.
The wight is severely damaged.
The wight hits you with a +3 flail!
You feel drained. The wight hits you with a +6 mace.
You feel drained.
You barely miss the wight.
The wight is severely damaged.
The wight hits you with a +3 flail. The wight hits you with a +6 mace.
The wight hits you with a +6 mace! You block the wight's attack.
The wight hits you with a +0 mace.
* * * LOW HITPOINT WARNING * * *
You feel drained.
* * * LOW HITPOINT WARNING * * *
You thump the wight!
You destroy the wight!
The wight closely misses you. The wight barely misses you.
The wight hits you but does no damage. The wight hits you with a +3 flail.
* * * LOW HITPOINT WARNING * * *
Things that are here:
8 gold pieces; a +6 mace; a +0 robe You closely miss the wight.
The wight hits you with a +0 mace!
* * * LOW HITPOINT WARNING * * *
You feel drained.
* * * LOW HITPOINT WARNING * * *
The wight hits you with a +3 flail.
You die...
Your body crumbles into a pile of gold.

.....#z. ..
.......###...
#............
#####....#.....#
#######......###..>..#
#..............#.....# .
#.............z.........
#......!....z@z..## ...
#........)#..[#...# ....
#.........######..#..# $
#.........######....#
#....##.###...<..#......
#.##. #.# #.....##.##...
# # #.# #.......... ..
..# #.....####. . ##
#####.# >.


You could see 3 wights.

Vanquished Creatures
  An ogre (D:4)
  A phantom (D:4)
  2 scorpions (D:4)
  A wight (D:5)
  A jelly (D:3)
  An iguana (D:5)
  2 orc wizards
  4 gnolls (D:4)
  7 adders
  A dart slug (D:4)
  11 orcs
  2 bats
  5 endoplasms
  11 giant cockroaches
  3 goblins
  4 hobgoblins
  2 jackals (D:2)
  2 quokkas
  8 ball pythons
  A frilled lizard (D:2)
  9 kobolds
  7 rats (D:1)
86 creatures vanquished.

Vanquished Creatures (others)
  5 plants (D:3)
5 creatures vanquished.

Grand Total: 91 creatures vanquished

Notes
Turn   | Place    | Note
-------+----------+-------------------------------------------
     0 | D:1      | Fenrisus the Formicid Fighter began the quest for the Orb.
     0 | D:1      | Reached XP level 1. HP: 18/18 MP: 1/1
   100 | D:1      | Reached XP level 2. HP: 20/24 MP: 2/2
   883 | D:2      | Found a faded altar of an unknown god.
   908 | D:2      | Found an opulent altar of Gozag.
   925 | D:2      | Reached XP level 3. HP: 29/29 MP: 3/3
  1069 | D:2      | Became a worshipper of Gozag Ym Sagoz the Greedy
  1153 | D:2      | Reached XP level 4. HP: 28/37 MP: 4/4
  1881 | D:3      | Reached skill level 5 in Shields
  1881 | D:3      | Reached XP level 5. HP: 42/42 MP: 5/5
  2034 | D:3      | Found a hide-covered altar of Uskayaw.
  2423 | D:4      | Noticed an ogre
  2448 | D:4      | HP: 2/42 [ogre/+0 giant club (11)]
  2451 | D:4      | Killed an ogre
  2452 | D:4      | Reached XP level 6. HP: 4/49 MP: 6/6
  2767 | D:4      | Reached skill level 5 in Fighting
  2767 | D:4      | Reached skill level 6 in Shields
  2767 | D:4      | Reached XP level 7. HP: 28/56 MP: 7/7
  2969 | D:4      | Reached skill level 5 in Armour
  3285 | D:5      | Entered Level 5 of the Dungeon
  3294 | D:5      | Found a staircase to the Ecumenical Temple.
  3386 | D:5      | HP: 2/50 [wight/+0 mace (1)]
  3386 | D:5      | Slain by a wight

Illustrated notes

Levels and vault maps discovered:
D:1:      dpeg_arrival_tiny_f, layout_loops_cross, dreamdust_mushroom_princess
D:2:      minmay_roachtagon, layout_loops_cross, basic_altar,
          hellmonk_ecumenical_altar_inner_sanctum
D:3:      layout_rooms, nicolae_uskayaw_murder_on_the_dancefloor,
          hangedman_glass_teeth, serial_bayou_pond_c, minmay_misc_feat_ornament,
          grunt_ministairs_8, saegor_snake_ambush
D:4:      layout_cave_pools
D:5:      cheibrodos_fertilizer, layout_basic, minmay_temple_entry_tees,
          kennysheep_cross_room

Skill      XL: |  1  2  3  4  5  6  7 |
---------------+----------------------+-----
Fighting       | 4 5 |  5.3
Armour         | 4 5 |  5.3
Maces & Flails | 3 4 |  4.3
Shields        | 5 6 |  6.5

Action                   |  1- 3 |  4- 6 |  7- 9 || total
-------------------------+-------+-------+-------++-------
Melee: Flail             |    98 |   128 |    53 ||   279
       Mace              |       |       |     9 ||     9
  Use: Scroll            |     2 |    10 |       ||    12
       Potion            |     1 |     2 |       ||     3
 Stab: Distracted        |       |       |     1 ||     1
Armor: Scale mail        |     8 |       |       ||     8
       Chain mail        |    63 |    67 |    27 ||   157
       Skin              |       |     2 |       ||     2
Dodge: Dodged            |    45 |    36 |    26 ||   107
Block: Buckler           |    29 |    29 |    16 ||    74

Table legend: (Time is in decaauts)
 A = Elapsed time spent in this place.
 B = Non-inter-level travel time spent in this place.
 C = Inter-level travel time spent in this place.
 D = Time resting spent in this place.
 E = Time spent auto-exploring this place.
 F = Levels seen in this place.
 G = Mean time per level.
                   A        B        C        D        E       F      G
               +--------+--------+--------+--------+--------+-----+--------+
         Total |   3486 |   1207 |   2279 |    375 |      0 |   5 |  697.2 |
       Dungeon |   3486 |   1207 |   2279 |    375 |      0 |   5 |  697.2 |
               +--------+--------+--------+--------+--------+-----+--------+

Top non-repeatable levels by time:
     D:2: 963 daAuts
     D:4: 883 daAuts
     D:1: 840 daAuts
     D:3: 693 daAuts
     D:5: 104 daAuts
